 Dungeon Crawl Stone Soup version 0.24-a0-201-gf205589 (webtiles) character file.

Game seed: 17691577077670730525

2126 Borgoz the Cutter (level 9, -7/53 HPs)
             Began as a Gargoyle Gladiator on Mar 25, 2019.
             Killed by divine providence
             ... invoked by an orc priest
              (15 damage)
             ... on level 7 of the Dungeon.
             The game lasted 00:11:19 (5080 turns).

Borgoz the Cutter (Gargoyle Gladiator)              Turns: 5080, Time: 00:11:19

Health: -7/53      AC: 17    Str: 18    XL:     9   Next: 29%
Magic:  13/13      EV: 12    Int:  9    God:
Gold:   234        SH:  0    Dex: 14    Spells: 14/14 levels left

rFire    . . .     SeeInvis .   t - +2 dagger (venom)
rCold    . . .     Gourm    .   (no shield)
rNeg     + + .     Faith    .   n - +0 scale mail
rPois    ∞         Spirit   .   c - +0 helmet
rElec    +         Reflect  .   (no cloak)
rCorr    .         Harm     .   (no gloves)
MR       +....                  y - +2 pair of boots
Stlth    +.........             (no amulet)
HPRegen  0.17/turn              h - ring of protection from magic
MPRegen  0.13/turn              r - ring of positive energy

@: no status effects
A: negative energy resistance 1, electricity resistance, unbreathing,
petrification resistance, rot immunity, AC +6
a: no special abilities


You were on level 7 of the Dungeon.
You were not hungry.

You visited 2 branches of the dungeon, and saw 8 of its levels.
You also visited: Sewer.

You collected 369 gold pieces.
You spent 135 gold pieces at shops.

Inventory:

Hand Weapons
 a - a +0 rapier
 e - a +0 dagger of freezing
 t - a +2 dagger of venom (weapon)
Missiles
 d - 2 throwing nets (quivered)
 m - 2 tomahawks
Armour
 c - a +0 helmet (worn)
 n - a +0 scale mail (worn)
 o - a +1 helmet
 y - a +2 pair of boots (worn)
Jewellery
 h - a ring of protection from magic (left hand)
 r - a ring of positive energy (right hand)
Scrolls
 g - a scroll of identify
 i - 3 scrolls of teleportation {unknown}
 j - 2 scrolls of blinking {unknown}
 k - 5 scrolls of amnesia
 l - a scroll of magic mapping
 p - 2 scrolls of remove curse
 s - 2 scrolls of enchant armour
 v - a scroll of immolation
 D - a scroll of acquirement {unknown}
 E - a scroll of holy word {unknown}
Potions
 b - 2 potions of magic
 u - a potion of flight
 x - a potion of brilliance
 z - a potion of resistance
 A - a potion of degeneration
 B - a potion of agility
 C - a potion of blood
Comestibles
 f - 15 rations


   Skills:
 + Level 4.9 Fighting
 * Level 5.7 Short Blades
 + Level 4.0 Throwing
 + Level 4.2 Armour
 * Level 5.2 Dodging
 + Level 4.3 Stealth
 + Level 3.3 Spellcasting


You had 14 spell levels left.
You didn't know any spells.
Your spell library contained the following spells:

 Spells                   Type           Power        Failure   Level  Hunger
 Confusing Touch          Hex            #.....       65%         1    ##.....
 Confuse                  Hex            #.......     95%         3    ####...
 Gell's Gravitas          Tloc           #.........   95%         3    ####...
 Petrify                  Tmut/Erth      #.......     100%        4    #####..
 Metabolic Englaciation   Hex/Ice        #.........   100%        5    ######.
 Yara's Violent Unravell  Hex/Tmut       #.........   100%        5    ######.


Dungeon Overview and Level Annotations

Branches:
Dungeon (7/15)             Temple (1/1) D:6

Altars:
Cheibriados
Dithmenos
Elyvilon
Fedhas
Gozag
Hepliaklqana
Okawaru
Qazlal
Ru
Sif Muna
Trog
Uskayaw
Vehumet
Wu Jian
Xom
Zin
The Shining One

Shops:
D:4 [

Annotations:
D:3 1 runed translucent door, Nr616's ghost, amateur CeHu


Innate Abilities, Weirdness & Mutations

You are resistant to torment.
Your stone body is resilient. (AC +6)
You are immune to poison.
You resist negative energy. (rN+)
You are resistant to electric shocks. (rElec)
You can survive without breathing.
You are immune to petrification.
You are immune to rotting.


Message History

Beogh smites you!
* * * LOW HITPOINT WARNING * * *
You hit the orc.
The orc is moderately wounded.
The centaur hits you but does no damage.
The orc warrior hits you but does no damage.
The orc closely misses you. The orc priest closely misses you.
The centaur closely misses you.
You barely miss the centaur.
The centaur is heavily wounded.
The orc warrior hits you but does no damage.
The orc hits you but does no damage. The centaur misses you.
Okay, then.
Okay, then.
Okay, then.
Okay, then.
The centaur looks more healthy.
The orc priest calls down the wrath of Beogh upon you.
Beogh smites you!
You die...

#..............
##..............
................#
................#
...............#
#........o....#
#.......ooc...#
##......oo(....#
#..#.....(.@...#
##..#....(......#
#..#....(.......#
#.......(.......#
##.....##.......#
##..(#####.....#
##.## ####..#
#.## ### #..#


You could see an orc warrior, a centaur, an orc priest and 3 orcs.

Vanquished Creatures
  Sigmund (D:5)
  Menkaure (D:5)
  A black bear (D:6)
  A sky beast (D:5)
  An ice beast (D:5)
  A necrophage (D:5)
  A phantom (D:4)
  2 centaurs
  A crocodile (Sewer)
  4 bullfrogs (D:6)
  A water moccasin zombie (D:6)
  3 scorpions
  A howler monkey (D:6)
  2 crimson imps
  A bullfrog zombie (D:5)
  A quasit (D:6)
  An orc wizard (D:6)
  Ijyb (D:5)
  Terence (D:3)
  6 worker ants
  A howler monkey skeleton (D:6)
  11 adders
  A gnoll (D:1)
  2 river rats (D:6)
  3 shadow imps
  An adder zombie (D:5)
  3 worms
  2 dart slugs
  3 leopard geckos
  13 orcs
  6 bats
  15 giant cockroaches
  11 goblins
  7 hobgoblins
  12 jackals
  10 kobolds
  4 quokkas
  A ball python (D:6)
  3 frilled lizards
  A leopard gecko skeleton (D:5)
  11 rats
153 creatures vanquished.

Notes
Turn   | Place    | Note
-------+----------+-------------------------------------------
     0 | D:1      | Borgoz the Gargoyle Gladiator began the quest for the Orb.
     0 | D:1      | Reached XP level 1. HP: 12/12 MP: 1/1
   176 | D:1      | Reached XP level 2. HP: 3/18 MP: 2/2
   640 | D:1      | Reached XP level 3. HP: 21/22 MP: 3/3
  1349 | D:2      | Reached skill level 1 in Stealth
  1418 | D:2      | Found a shadowy altar of Dithmenos.
  1432 | D:2      | Reached skill level 1 in Armour
  1432 | D:2      | Reached XP level 4. HP: 26/27 MP: 4/4
  1609 | D:2      | Found a shimmering altar of Xom.
  1775 | D:3      | Reached XP level 5. HP: 32/32 MP: 6/6
  1797 | D:3      | Noticed Terence
  1805 | D:3      | Killed Terence
  1805 | D:3      | Reached skill level 1 in Spellcasting
  1945 | D:3      | Noticed Nr616's ghost (amateur CeHu)
  1948 | D:3      | Found a runed translucent door.
  2081 | D:3      | Found a shimmering altar of Xom.
  2225 | D:4      | Noticed a phantom
  2311 | D:4      | Reached XP level 6. HP: 23/37 MP: 7/7
  2387 | D:4      | Killed a phantom
  2676 | D:4      | Found an opulent altar of Gozag.
  2881 | D:4      | Found Jemulin's Antique Armour Emporium.
  2915 | D:4      | Bought a pair of glowing boots for 135 gold pieces
  3056 | D:5      | Entered Level 5 of the Dungeon
  3113 | D:5      | Noticed an ice beast
  3131 | D:5      | Killed an ice beast
  3131 | D:5      | Reached XP level 7. HP: 41/41 MP: 9/9
  3133 | D:5      | Noticed Menkaure
  3150 | D:5      | Killed Menkaure
  3574 | D:5      | Noticed Ijyb
  3593 | D:5      | Killed Ijyb
  3669 | D:5      | Reached XP level 8. HP: 36/48 MP: 11/11
  3836 | D:5      | Noticed Sigmund
  3853 | D:5      | Killed Sigmund
  4115 | D:6      | Reached skill level 5 in Short Blades
  4142 | D:6      | Found a staircase to the Ecumenical Temple.
  4152 | Temple   | Entered the Ecumenical Temple
  4420 | D:6      | Reached XP level 9. HP: 36/52 MP: 13/13
  4482 | D:6      | Found a glowing drain.
  4487 | D:6      | Reached skill level 5 in Dodging
  4533 | Sewer    | Entered a sewer
  4802 | D:6      | Found an ornate altar of the Wu Jian Council.
  5080 | D:7      | Killed from afar by an orc priest

Levels and vault maps discovered:
D:1:      dpeg_arrival_shrine, layout_basic, corexii_hall_statues_t,
          chequers_serial_rivers_micro_d, hangedman_abyss_or_decor_stabs
D:2:      cheibrodos_old_hovel, layout_basic, old_standard_altar,
          old_standard_altar, first_ration
D:3:      layout_rooms, hellmonk_ghost_happy_afterlife,
          brannock_xom_greatest_gift, uniq_terence
D:4:      layout_loops_cross, nicolae_gozag_seed_capital, serial_shops, shop
D:5:      layout_loops_ring, chequers_serial_rivers_room_a,
          mrwooster_statue_mirror, dk_rats_in_the_wall, uniq_ijyb, uniq_sigmund,
          uniq_menkaure
D:6:      layout_cave_pools, nicolae_overflow_crystal_walls,
          minmay_temple_entry_sparse_star, portal_sewer_entry_b
D:7:      layout_cave_pods
Temple:   cyrus_circular_temple
Sewer:    sewer_the_crocodile

Skill      XL: |  1  2  3  4  5  6  7  8  9 |
---------------+----------------------------+-----
Short Blades   | 3 4 5 |  5.7
Throwing       | 2 3 4 |  4.0
Stealth        | 1 2 3 4 |  4.3
Armour         | 1 2 3 4 |  4.2
Dodging        | 3 4 5 |  5.2
Spellcasting   | 1 2 3 |  3.3
Fighting       | 3 4 |  4.9

Action                   |  1- 3 |  4- 6 |  7- 9 || total
-------------------------+-------+-------+-------++-------
Melee: Rapier            |    33 |       |       ||    33
       Dagger            |    85 |   300 |   379 ||   764
Throw: Throwing net      |       |       |     1 ||     1
Evoke: Wand              |       |       |     1 ||     1
  Use: Potion            |     1 |     3 |     3 ||     7
       Scroll            |       |       |    12 ||    12
  Eat: Chunk             |     2 |     5 |     7 ||    14
Armor: Leather armour    |    38 |       |       ||    38
       Skin              |     4 |       |       ||     4
       Scale mail        |    12 |   134 |   204 ||   350
Dodge: Dodged            |    74 |   147 |   225 ||   446

Table legend:
 A = Non-vault XP
 B = Vault XP
 C = Vault XP percentage of total XP
 D = Non-vault monster count
 E = Vault monster count
 F = Vault count percentage of total count
                 A         B        C        D         E       F
            +---------+---------+-------+---------+---------+-------
      Total |    2391 |     647 |  21.3 |     132 |      21 |  13.7
            +---------+---------+-------+---------+---------+-------
        D:1 |      53 |       0 |   0.0 |      23 |       0 |   0.0
        D:2 |     106 |       2 |   1.9 |      19 |       1 |   5.0
        D:3 |      82 |      36 |  30.5 |      24 |       1 |   4.0
        D:4 |     314 |       0 |   0.0 |      13 |       0 |   0.0
        D:5 |     617 |     431 |  41.1 |      23 |       3 |  11.5
        D:6 |    1104 |      64 |   5.5 |      29 |      10 |  25.6
        D:7 |     115 |       0 |   0.0 |       1 |       0 |   0.0
      Sewer |       0 |     114 | 100.0 |       0 |       6 | 100.0
            +---------+---------+-------+---------+---------+-------
